 Dungeon Crawl Stone Soup version 0.17.1-2-g5865329 (webtiles) character file.

10280 PossumBlood the Markself (level 11, -1/64 HPs)
             Began as a High Elf Hunter on Jan 29, 2016.
             Was a High Priest of Fedhas.
             Slain by an unseen horror (6 damage)
             ... on level 10 of the Dungeon.
             The game lasted 00:51:05 (11424 turns).

PossumBlood the Markself (High Elf Hunter)         Turns: 11424, Time: 00:51:05

Health: -1/64      AC:  8    Str: 15    XL:     11   Next: 34%
Magic:  12/12      EV: 20    Int: 17    God:    Fedhas [*****.]
Gold:   567        SH:  0    Dex: 21    Spells: 0 memorised, 10 levels left

rFire  . . .     SeeInvis .     G - +3 scimitar (flame)
rCold  . . .     Clarity  .     c - +1 leather armour
rNeg   + . .     SustAt   .     (no shield)
rPois  .         Gourm    .     O - +0 helmet
rElec  .         Spirit   .     l - +1 cloak
rCorr  .         Warding  +     f - +0 pair of gloves
rMut   .         Stasis   .     (no boots)
MR     +....                    V - amulet of warding
Stlth  ++........               H - +4 ring of strength
                                E - +3 ring of dexterity

@: about to teleport, somewhat resistant to hostile enchantments, unstealthy
A: no striking features
a: Evolution, Sunlight, Growth, Reproduction, Rain, Renounce Religion


You were on level 10 of the Dungeon.
You worshipped Fedhas.
Fedhas was extremely pleased with you.
You were not hungry.

You visited 1 branch of the dungeon, and saw 10 of its levels.

You collected 567 gold pieces.

Inventory:

Hand Weapons
 a - a +1 shortbow of evasion
 h - a +2 dagger of venom
 k - a +1 rapier of electrocution
 v - a +2 falchion of draining
 F - a +7 longbow of evasion
 G - a +3 scimitar of flaming (weapon)
 L - a +2 triple sword of slicing
Missiles
 d - 15 arrows
 y - 3 arrows of flame
Armour
 c - a +1 leather armour (worn)
 f - a +0 pair of gloves (worn)
 l - a +1 cloak (worn)
 I - a +2 plate armour of cold resistance
 O - a +0 helmet (worn)
Jewellery
 w - a +6 ring of intelligence
 E - a +3 ring of dexterity (left hand)
 H - a +4 ring of strength (right hand)
 Q - an uncursed ring of ice
 V - an amulet of warding (around neck)
Wands
 p - a wand of heal wounds (2)
 t - a wand of enslavement (1)
 C - a wand of polymorph (4)
 J - a wand of disintegration (13)
 K - a wand of random effects (6)
 M - a wand of hasting (4)
 N - a wand of confusion (17)
 R - a wand of cold (6)
 U - a wand of disintegration (9)
Scrolls
 b - 4 scrolls of teleportation
 o - a scroll of remove curse
 T - a scroll of magic mapping
Potions
 g - a potion of heal wounds
 i - 3 potions of brilliance
 j - 3 potions of flight
 n - a potion of magic
 q - a potion of might
 r - a potion of invisibility
 s - 2 potions of lignification {unknown}
 u - 3 potions of ambrosia {unknown}
 A - 3 potions of curing
 B - a potion of resistance {unknown}
 S - a potion of cure mutation {unknown}
 X - a potion of degeneration {unknown}
Books
 x - a book of Summonings

   Spells                             Type                      Level
   a - Recall                         Summoning/Translocation      3
   b - Aura of Abjuration             Summoning                    5
   c - Shadow Creatures               Summoning                    5
   d - Summon Demon                   Summoning                    5
   e - Summon Forest                  Summoning/Translocation      5
   f - Summon Mana Viper              Hexes/Summoning              5
 D - a Grand Grimoire

   Spells                             Type                      Level
   a - Monstrous Menagerie            Summoning                    6
   b - Summon Greater Demon           Summoning                    7
   c - Malign Gateway                 Summoning/Translocation      7
   d - Summon Horrible Things         Summoning                    8
Comestibles
 e - 3 bread rations
 m - 21 fruits
 z - a meat ration
 P - 2 slices of pizza
 W - a beef jerky


   Skills:
 - Level 2.0 Fighting
 + Level 19.4 Bows
 - Level 9.1 Dodging
 - Level 1.1 Stealth


You had 10 spell levels left.
You didn't know any spells.

Dungeon Overview and Level Annotations

Branches:
Dungeon (10/15)            Temple (0/1) D:5            Lair (0/8) D:9
    Orc: D:9-12

Altars:
Cheibriados
Elyvilon
Fedhas
Okawaru
Qazlal
Sif Muna
Trog
The Shining One


Message History

Something barely misses you. Something hits you but does no damage.
Something hits you. Something barely misses you.
Something hits you but does no damage. Something hits you! Something hits you.
Something hits you. Something closely misses you. Something hits you.
* * * LOW HITPOINT WARNING * * *
Something closely misses you. Something hits you but does no damage.
Something hits you.
* * * LOW HITPOINT WARNING * * *
Something hits you!
* * * LOW HITPOINT WARNING * * *
Read which item? (? for menu, Esc to quit)
As you read the scroll of teleportation, it crumbles to dust.
You feel strangely unstable. Something hits you.
You die...
Fedhas appreciates your contribution to the ecosystem.

#..# #..# #..# #..# #..# #..#
#..# #..# #..# #..# #..# #..#
#..# #..# #..# #..#
#####..#####..#####..#######..###
.................................
..............................(..
#######..#######..####..#######..
#..# #@.# #..# #.. #..# #..# #..#
#.. #######..#######..#
#..#######.. ...................
............
......<..........................
####........#######.. ##..##..
#........# ..# #.. #.. #.....)..#
..# #.. #.. ###........####
###..##..


There were no monsters in sight!

Vanquished Creatures
  Snorg (D:10)
  Erica (D:8)
  Pikel (D:8)
  An ugly thing (D:8)
  Prince Ribbit (D:8)
  A troll (D:9)
  A wyvern (D:10)
  A deep elf mage (D:8)
  3 hippogriffs
  A wolf (D:9)
  2 hungry ghosts (D:7)
  7 orc warriors
  4 sky beasts
  5 black bears
  A slave (D:8)
  4 ice beasts
  A phantom (D:10)
  A necrophage (D:5)
  7 ogres
  4 centaurs
  2 big kobolds
  10 giant frogs
  2 water moccasin skeletons
  A scorpion (D:7)
  4 electric eels (D:9)
  4 killer bees (D:8)
  3 wights (D:7)
  4 crimson imps
  15 hounds
  3 jellies
  2 giant frog skeletons
  12 orc wizards
  2 iguanas
  10 orc priests
  8 worker ants
  Natasha (D:3)
  A killer bee zombie (D:5)
  A hound zombie (D:10)
  4 hound skeletons
  A worker ant zombie (D:6)
  19 adders
  6 gnolls
  4 shadow imps
  2 oozes
  2 adder skeletons
  An adder zombie (D:5)
  5 worms
  A giant gecko (D:3)
  55 orcs
  7 bats
  5 giant cockroaches
  8 goblins
  6 hobgoblins
  19 kobolds
  5 quokkas
  10 ball pythons
  A giant gecko skeleton (D:8)
  4 giant newts
  7 jackals
  4 quokka skeletons
  5 rats
314 creatures vanquished.

Vanquished Creatures (others)
  A slave (D:8)
  A centaur (D:8)
  206 toadstools
208 creatures vanquished.

Grand Total: 522 creatures vanquished

Notes
Turn   | Place    | Note
--------------------------------------------------------------
     0 | D:1      | PossumBlood the High Elf Hunter began the quest for the Orb.
     0 | D:1      | Reached XP level 1. HP: 14/14 MP: 2/2
   103 | D:1      | Reached XP level 2. HP: 19/19 MP: 3/3
   127 | D:1      | Reached skill level 6 in Bows
  1000 | D:2      | Found an iron altar of Okawaru.
  1032 | D:2      | Reached XP level 3. HP: 24/24 MP: 4/4
  1191 | D:2      | Reached skill level 7 in Bows
  1461 | D:2      | Found a glowing golden altar of the Shining One.
  1672 | D:3      | Reached XP level 4. HP: 29/29 MP: 5/5
  1802 | D:3      | Found a faded altar to an unknown god.
  1880 | D:3      | Noticed Natasha
  1886 | D:3      | Killed Natasha
  1954 | D:3      | Reached skill level 8 in Bows
  1977 | D:3      | Reached XP level 5. HP: 17/34 MP: 6/6
  2483 | D:3      | Reached skill level 9 in Bows
  3220 | D:4      | Found a blossoming altar of Fedhas.
  3229 | D:4      | Became a worshipper of Fedhas Madash
  3294 | D:4      | Reached XP level 6. HP: 39/39 MP: 7/7
  3664 | D:4      | Reached skill level 10 in Bows
  4057 | D:4      | Reached * piety under Fedhas
  4518 | D:5      | Entered Level 5 of the Dungeon
  4535 | D:5      | Reached skill level 11 in Bows
  4535 | D:5      | Reached XP level 7. HP: 45/45 MP: 8/8
  4754 | D:5      | Reached skill level 12 in Bows
  5214 | D:5      | Reached XP level 8. HP: 37/50 MP: 9/9
  5288 | D:5      | Reached skill level 13 in Bows
  5405 | D:5      | Found a staircase to the Ecumenical Temple.
  5706 | D:6      | Reached ** piety under Fedhas
  5835 | D:6      | Reached skill level 14 in Bows
  6017 | D:6      | Found a stormy altar of Qazlal.
  6261 | D:6      | Reached skill level 15 in Bows
  6491 | D:7      | Reached XP level 9. HP: 54/54 MP: 10/10
  7150 | D:7      | Reached skill level 5 in Dodging
  7374 | D:7      | Reached *** piety under Fedhas
  8555 | D:7      | Reached XP level 10. HP: 60/60 MP: 11/11
  8615 | D:7      | Found a deep blue altar of Sif Muna.
  8715 | D:8      | Identified a scroll of acquirement
  8789 | D:8      | Noticed a purple ugly thing
  8795 | D:8      | Killed a purple ugly thing
  8795 | D:8      | Reached skill level 16 in Bows
  8800 | D:8      | Reached **** piety under Fedhas
  9070 | D:8      | Noticed Prince Ribbit
  9074 | D:8      | Killed Prince Ribbit
  9143 | D:8      | Noticed Pikel
  9149 | D:8      | Killed Pikel
  9149 | D:8      | Reached skill level 17 in Bows
  9207 | D:8      | Noticed Erica
  9215 | D:8      | Killed Erica
  9652 | D:8      | Found a bloodstained altar of Trog.
  9659 | D:8      | Reached skill level 18 in Bows
 10154 | D:9      | Reached XP level 11. HP: 46/64 MP: 12/12
 10180 | D:9      | Reached ***** piety under Fedhas
 10183 | D:9      | Found a staircase to the Lair.
 10481 | D:9      | Found a blossoming altar of Fedhas.
 10684 | D:9      | Found a stormy altar of Qazlal.
 10684 | D:9      | Found a snail-covered altar of Cheibriados.
 10685 | D:9      | Found a white marble altar of Elyvilon.
 10784 | D:10     | Entered Level 10 of the Dungeon
 10863 | D:10     | Noticed Snorg
 10879 | D:10     | Killed Snorg
 10879 | D:10     | Reached skill level 19 in Bows
 11242 | D:10     | Found a blossoming altar of Fedhas.
 11424 | D:10     | Slain by an unseen horror

Action                   |  1- 3 |  4- 6 |  7- 9 | 10-12 || total
-------------------------+-------+-------+-------+-------++-------
Melee: Dagger            |       |    42 |    54 |       ||    96
       Falchion          |       |       |    17 |       ||    17
       Shortbow          |       |       |     2 |       ||     2
       Scimitar          |       |       |       |    20 ||    20
       Longbow           |       |       |       |     5 ||     5
 Fire: Shortbow          |   101 |   166 |   545 |    26 ||   838
       Longbow           |       |       |       |   274 ||   274
  Use: Scroll            |     4 |     6 |     4 |     8 ||    22
       Potion            |       |       |     2 |     2 ||     4
 Stab: Distracted        |       |       |       |     1 ||     1
  Eat: Bread ration      |     1 |     1 |     3 |     2 ||     7
       Beef jerky        |       |     1 |     1 |     2 ||     4
       Meat ration       |       |       |     1 |       ||     1
